 Dungeon Crawl Stone Soup version 0.27.1-3-gb3d3a73c9e (webtiles) character file.

Game seed: 481780702107556809

179 Atelerd the Digger (level 5, -3/31 HPs)
             Began as an Octopode Earth Elementalist on Oct 30, 2021.
             Slain by an iguana (14 damage)
             ... on level 4 of the Dungeon.
             The game lasted 00:02:13 (3275 turns).

Atelerd the Digger (Octopode Earth Elementalist)    Turns: 3275, Time: 00:02:13

Health: -3/31      AC:  1    Str:  8    XL:     5   Next: 59%
Magic:  3/9        EV: 13    Int: 18    God:
Gold:   223        SH:  0    Dex: 12    Spells: 6/10 levels left

rFire    . . .     SeeInvis .   j - +1 dagger (protect)
rCold    . . .     Faith    .   (no shield)
rNeg     . . .     Spirit   .   (helmet restricted)
rPois    .         Reflect  .   p - amulet of regeneration
rElec    .         Harm     .   m - ring of resist corrosion
rCorr    +         Rampage  .   (no ring)
Will     .....                  (no ring)
Stlth    +++.......             (no ring)
HPRegen  1.10/turn              (no ring)
MPRegen  0.11/turn              (no ring)
                                (no ring)
                                (no ring)

@: no status effects
A: almost no armour, amphibious, 8 rings, camouflage 1, gelatinous body 1,
(nimble swimmer 1), tentacles
a: no special abilities


You were on level 4 of the Dungeon.
You visited 1 branch of the dungeon, and saw 4 of its levels.

You collected 223 gold pieces.

Inventory:

Hand Weapons
 j - a +1 dagger of protection (weapon)
Missiles
 b - 21 stones
 h - 3 silver boomerangs
Armour
 g - a +0 buckler
Jewellery
 m - a ring of resist corrosion (left tentacle)
 p - an amulet of regeneration (around mantle)
Wands
 l - a wand of acid (7)
Scrolls
 a - a scroll of noise {unknown}
 c - a scroll of blinking {unknown}
 d - 2 scrolls of enchant weapon {unknown}
 i - 2 scrolls of teleportation {unknown}
 k - a scroll of amnesia {unknown}
 n - a scroll of fog {unknown}
 o - a scroll of acquirement {unknown}
Potions
 e - a potion of brilliance {unknown}
 f - a potion of lignification {unknown}


   Skills:
 - Level 2.0 Dodging
 - Level 2.6 Stealth
 + Level 3.0 Spellcasting
 + Level 1.3 Conjurations
 + Level 2.5 Transmutations
 + Level 1.3 Air Magic
 + Level 3.9 Earth Magic
 + Level 1.5 Poison Magic


You had 6 spell levels left.
You knew the following spells:

 Your Spells              Type           Power      Damage    Failure   Level
a - Sandblast             Erth           32%        2d9       3%          1
b - Mephitic Cloud        Conj/Pois/Air  7%         N/A       26%         3

Your spell library contained the following spells:

 Spells                   Type           Power      Damage    Failure   Level
 Passwall                 Tmut/Erth      11%        N/A       6%          2
 Magic Dart               Conj           28%        1d4       10%         1
 Shock                    Conj/Air       28%        1d4       10%         1
 Stone Arrow              Conj/Erth      24%        3d8       17%         3
 Call Imp                 Summ           2%         N/A       24%         2
 Swiftness                Air            7%         N/A       28%         3
 Petrify                  Tmut/Erth      14%        N/A       38%         4
 Airstrike                Air            3%         N/A       67%         4


Dungeon Overview and Level Annotations

Branches:
Dungeon (4/15)
 Temple: D:4-7

Altars:
Ru


Innate Abilities, Weirdness & Mutations

You cannot wear most types of armour.
You are amphibious.
You can wear up to eight rings at the same time.
Your skin changes colour to match your surroundings (Stealth+).
Your rubbery body absorbs attacks. (AC +1, EV +1)
((You are camouflaged near water. (Stealth+)))
You have tentacles for arms and can constrict up to eight enemies at once.


Message History

A dart slug is nearby!
The blast of sand hits the hound skeleton.
You destroy the hound skeleton!
An iguana comes into view.
You can't see any susceptible monsters within range! (Use Z to cast anyway.)
There are monsters nearby!
You can't see any susceptible monsters within range! (Use Z to cast anyway.)
There are monsters nearby!
The blast of sand hits the dart slug!
You kill the dart slug!
An iguana is nearby!
The iguana bites you!
The blast of sand hits the iguana but does no damage.
The iguana barely misses you.
An iguana is nearby!
The blast of sand hits the iguana.
The iguana is moderately wounded.
The iguana bites you.
An iguana is nearby!
The blast of sand hits the iguana.
The iguana is moderately wounded.
The iguana hisses menacingly.
The iguana bites you!
You are too injured to fight recklessly!
You are too injured to fight recklessly!
You are too injured to fight recklessly!
You are too injured to fight recklessly!
You are too injured to fight recklessly!
You are too injured to fight recklessly!
You are too injured to fight recklessly!
You are too injured to fight recklessly!
Casting: Sandblast (safe; 3% risk of failure)
Confirm with . or Enter, or press ? or * to list all spells.
Aiming: Sandblast (safe; 3% risk of failure)
Press: ? - help, Shift-Dir - straight line, f/p - iguana
Aim: an iguana (moderately wounded, 82% to hit)
The blast of sand hits the iguana but does no damage.
The iguana is moderately wounded.
The iguana bites you!
You die...

...†..........
...†...###...... ...#
..#.##..#..##...##...
..###..##...##...#..#
.......#............#
..#....#...)#.......#
..#...##............#
......#....##....l..#
..#........###.#@#
#.###.#......#..##.# .
#..#............# .
.................#
.............##...#
#.#.....###.....#....
###..#...#..##..##.#..
#####...... ..# .####
..........# ..


You could see an iguana.

Vanquished Creatures
  A jelly (D:4)
  A hound skeleton (D:4)
  6 adders
  An adder skeleton (D:4)
  A worm (D:3)
  A dart slug (D:4)
  2 orcs (D:3)
  7 endoplasms
  3 giant cockroaches
  4 goblins
  6 hobgoblins
  2 jackals (D:4)
  A quokka (D:3)
  10 ball pythons
  8 bats
  5 frilled lizards
  9 kobolds
  6 rats
74 creatures vanquished.

Notes
Turn   | Place    | Note
-------+----------+-------------------------------------------
     0 | D:1      | Atelerd the Octopode Earth Elementalist began the quest for
                  | the Orb.
     0 | D:1      | Reached XP level 1. HP: 11/11 MP: 3/3
   231 | D:1      | Reached XP level 2. HP: 10/17 MP: 0/5
  1266 | D:2      | Reached XP level 3. HP: 21/21 MP: 6/6
  1746 | D:2      | Learned a level 3 spell: Mephitic Cloud
  2070 | D:3      | Reached XP level 4. HP: 27/27 MP: 7/7
  2572 | D:3      | Found a sacrificial altar of Ru.
  2663 | D:3      | Found a faded altar of an unknown god.
  2667 | D:3      | Reached skill level 1 in Poison Magic
  2970 | D:4      | Reached skill level 1 in Air Magic
  2991 | D:4      | Reached skill level 1 in Conjurations
  2991 | D:4      | Reached XP level 5. HP: 31/31 MP: 7/9
  3275 | D:4      | Slain by an iguana

Illustrated notes

Levels and vault maps discovered:
D:1:      mrwooster_arrival_arrow, layout_basic
D:2:      layout_rooms
D:3:      layout_loops_cross, mainiacjoe_overflow_surrounded_room,
          shapermc_ecumenical_altar_starsandcircs, minmay_pentomino_pile
D:4:      layout_cave_pools, minmay_temple_entry_purple_smoke, uniq_menkaure

Skill      XL: |  1  2  3  4  5 |
---------------+----------------+-----
Transmutations | 2 |  2.5
Poison Magic   | 1 |  1.5
Air Magic      | 1 |  1.3
Conjurations   | 1 |  1.3
Spellcasting   | 3 |  3.0
Dodging        | |  2.0
Stealth        | |  2.6
Earth Magic    | |  3.9

Action                   |  1- 3 |  4- 6 || total
-------------------------+-------+-------++-------
Melee: Unarmed           |    15 |       ||    15
       Constrict         |    16 |     7 ||    23
       Dagger            |    30 |    34 ||    64
       Tentacles         |     5 |     4 ||     9
 Cast: Sandblast         |    32 |    37 ||    69
 Stab: Sleeping          |     2 |     4 ||     6
Armor: Skin              |     9 |     7 ||    16
Dodge: Dodged            |    41 |    27 ||    68
